 Dungeon Crawl Stone Soup version 0.24.0-123-gd5b16e6ec5 (webtiles) character file.

Game seed: 14011350497203687276, levelgen mode: deterministic

67 Garessta the Skirmisher (level 4, -6/40 HPs)
             Began as a Merfolk Skald on Feb 1, 2020.
             Mangled by a large abomination (21 damage)
             ... on level 1 of the Abyss.
             The game lasted 00:13:05 (1650 turns).

Garessta the Skirmisher (Merfolk Skald)             Turns: 1650, Time: 00:13:06

Health: -6/40      AC:  4    Str: 12    XL:     4   Next: 16%
Magic:  5/7        EV: 12    Int: 12    God:
Gold:   86         SH:  0    Dex: 13    Spells: 4/7 levels left

rFire    . . .     SeeInvis .   a - +0 spear
rCold    . . .     Gourm    .   (no shield)
rNeg     . . .     Faith    .   b - +0 leather armour
rPois    .         Spirit   .   (no helmet)
rElec    .         Reflect  .   (no cloak)
rCorr    .         Harm     .   (no gloves)
MR       .....                  g - +0 pair of boots
Stlth    +.........             (no amulet)
HPRegen  0.13/turn              (no ring)
MPRegen  0.10/turn              (no ring)

@: shrouded
A: change form in water, swift swim, stealthy swim, claws 1, robust 1, wild
magic 1
a: no special abilities


You were on level 1 of the Abyss.
You were not hungry.

You visited 1 branch of the dungeon, and saw 2 of its levels.
You visited the Abyss 1 time.

You collected 86 gold pieces.

Inventory:

Hand Weapons
 a - a +0 spear (weapon)
Armour
 b - a +0 leather armour (worn)
 g - a +0 pair of boots (worn)
Scrolls
 e - a scroll of silence {unknown}
 k - a scroll of remove curse
Potions
 c - a potion of agility {unknown}
Comestibles
 d - 4 rations


   Skills:
 * Level 4.1 Fighting
 - Level 3.0 Polearms
 - Level 0.6 Armour
 - Level 2.6 Dodging
 - Level 2.0 Spellcasting
 + Level 4.0 Charms


You had 4 spell levels left.
You knew the following spells:

 Your Spells              Type           Power        Failure   Level  Hunger
a - Infusion              Chrm           ##..         10%         1    ##.....
b - Shroud of Golubria    Chrm/Tloc      #.....       30%         2    ###....

Your spell library contained the following spells:

 Spells                   Type           Power        Failure   Level  Hunger
 Song of Slaying          Chrm           ##......     14%         2    ###....
 Regeneration             Chrm/Necr      #.........   50%         3    ####...
 Spectral Weapon          Hex/Chrm       #.......     50%         3    ####...


Dungeon Overview and Level Annotations

Branches:
Dungeon (2/15)

Altars:
Cheibriados
Qazlal

Annotations:
D:2 Sigmund


Innate Abilities, Weirdness & Mutations

You revert to your normal form in water.
You are very nimble and swift while swimming.
You are very stealthy in the water. (Stealth+)
You have sharp fingernails.
You are robust. (+10% HP)
Your spells are a little harder to cast, but a little more powerful.


Message History

Your resistance to elements expires.
You feel yourself slow down.
e - a scroll labeled SISUNT INTUZ You start resting.
A large abomination comes into view.
All of the chunks of flesh in your inventory have rotted away.
You hit the large abomination but do no damage.
The large abomination hits you.
You hit the large abomination but do no damage.
The large abomination closely misses you.
You hit the large abomination but do no damage.
The large abomination misses you.
You hit the large abomination but do no damage.
The large abomination closely misses you.
Casting: Shroud of Golubria (safe; 30% risk of failure)
Confirm with . or Enter, or press ? or * to list all spells.
Space distorts slightly along a thin shroud covering your body.
The large abomination hits you!!
Ouch! That really hurt!
You die...

# ##
.##..#.#...# ≈
#.##.###...#.#
.# #
####.#..##..#
..# . .
..#....#.### #
.##.##.#...###
.# ... ##.#...
.#. #.#...#...
. #
##X#.#..... #
##@##.##.##
### #. ## ..
.. ###


You could see a large abomination.

Vanquished Creatures
  4 adders (D:2)
  A dart slug (D:2)
  A leopard gecko (D:2)
  A ball python (D:2)
  3 giant cockroaches (D:2)
  3 hobgoblins
  A quokka (D:2)
  2 bats
  4 frilled lizards
  2 goblins (D:1)
  6 kobolds
  2 rats
30 creatures vanquished.

Notes
Turn   | Place    | Note
-------+----------+-------------------------------------------
     0 | D:1      | Garessta the Merfolk Skald began the quest for the Orb.
     0 | D:1      | Reached XP level 1. HP: 16/16 MP: 3/3
   345 | D:1      | Reached XP level 2. HP: 23/23 MP: 0/5
   683 | D:2      | Noticed Sigmund
   793 | D:2      | Learned a level 2 spell: Shroud of Golubria
   876 | D:2      | Reached XP level 3. HP: 29/29 MP: 2/6
   949 | D:2      | Found a snail-covered altar of Cheibriados.
  1369 | D:2      | Reached XP level 4. HP: 37/37 MP: 4/7
  1387 | D:2      | Found a stormy altar of Qazlal.
  1553 | D:2      | Gained mutation: Your spells are a little harder to cast,
                  | but a little more powerful. [potion of mutation]
  1553 | D:2      | Gained mutation: You have sharp fingernails. [potion of
                  | mutation]
  1553 | D:2      | Gained mutation: You are robust. (+10% HP) [potion of
                  | mutation]
  1563 | D:2      | Cast into level 1 of the Abyss (Sigmund)
  1570 | Abyss:1  | Found a corrupted altar of Lugonu.
  1629 | Abyss:1  | Noticed a large abomination
  1650 | Abyss:1  | Mangled by a large abomination

Levels and vault maps discovered:
D:1:      psy_arrival_terrarium, layout_rooms
D:2:      layout_loops_ring, cheibriados_altar_1, lemuel_coloured_pillars_altar,
          uniq_sigmund
Abyss:1:  base: D:1, small_statue_intersection, minivault_1

Skill      XL: |  1  2  3 |
---------------+----------+-----
Fighting       | 3 4 |  4.1
Charms         | 4 |  4.0
Polearms       | |  3.0
Armour         | |  0.6
Dodging        | |  2.6
Spellcasting   | |  2.0

Action                   |  1- 3 |  4- 6 || total
-------------------------+-------+-------++-------
Melee: Spear             |   116 |    29 ||   145
 Cast: Infusion          |     8 |     1 ||     9
       Shroud of Golubri |     3 |     4 ||     7
  Use: Scroll            |     5 |       ||     5
       Potion            |       |     4 ||     4
 Stab: Sleeping          |     1 |       ||     1
  Eat: Chunk             |     2 |     1 ||     3
Armor: Leather armour    |    25 |     2 ||    27
Dodge: Dodged            |    57 |    15 ||    72
